 Dungeon Crawl Stone Soup version 0.30-a0-585-g93115170b9 (webtiles) character file.

Game seed: 12211996579232824511

300 bmack86 the Chopper (level 6, -2/55 HPs)
             Began as a Minotaur Fighter on Jan 2, 2023.
             Killed by divine providence
             ... invoked by an orc priest
              (13 damage)
             ... on level 4 of the Dungeon.
             The game lasted 00:07:42 (2597 turns).

bmack86 the Chopper (Minotaur Fighter)              Turns: 2597, Time: 00:07:42

Health: -2/55      AC:  7    Str: 23    XL:     6   Next: 13%
Magic:  5/5        EV:  9    Int: 11    God:
Gold:   111        SH:  0    Dex: 13    Spells: 5/5 levels left

rFire   . . .      SeeInvis .    f - +6 hand axe "Mown" {flame, Fragile Int+6 Dex+4 Stlth+}
rCold   . . .      Faith    .    c - +0 buckler
rNeg    . . .      Spirit   .    b - +0 scale mail
rPois   .          Reflect  .    (helmet restricted)
rElec   .          Harm     .    (no cloak)
rCorr   .          Rampage  .    (no gloves)
Will    .....                    (no boots) Stlth
                                 (no amulet)
HPRegen 0.29/turn                (no ring)
MPRegen 0.09/turn                (no ring)

@: confused, mighty
A: horns 2, retaliatory headbutt
a: no special abilities


You were on level 4 of the Dungeon.
You visited 1 branch of the dungeon, and saw 4 of its levels.
You also visited: Sewer.

You collected 147 gold pieces.
You spent 36 gold pieces at shops.

Inventory:

Hand Weapons
 a - a +1 war axe
 f - the +6 hand axe "Mown" (weapon) {flame, Fragile Int+6 Dex+4 Stlth+}
   (You found it on level 2 of the Dungeon)

   It burns those it strikes, dealing additional fire damage.
   Big, fiery blades are also staple armaments of hydra-hunters.
   Int:       It affects your intelligence (+6).
   Dex:       It affects your dexterity (+4).
   Fragile:   It will be destroyed if unequipped.
   Stlth:     It makes you more stealthy.
Armour
 b - a +0 scale mail (worn)
 c - a +0 buckler (worn)
 j - a +0 cloak
Scrolls
 h - a scroll of amnesia
 n - a scroll of silence
 q - a scroll of enchant weapon
 s - a scroll of fear {unknown}
 t - a scroll of teleportation
Potions
 d - a potion of might
 e - a potion of curing
 g - a potion of resistance {unknown}
 i - 5 potions of heal wounds
 k - 2 potions of attraction
 l - a potion of mutation {unknown}
 o - a potion of degeneration {unknown}
 r - a potion of haste {unknown}


   Skills:
 + Level 4.9 Fighting
 * Level 5.2 Axes
 + Level 4.9 Armour
 + Level 4.9 Shields


You had 5 spell levels left.
You didn't know any spells.
Your spell library contained the following spells:

 Spells                   Type           Power      Damage    Failure   Level
 Cigotuvi's Dreadful Rot  Necr/Pois/Air  0%         N/A       86%         2
 Poisonous Vapours        Pois/Air       0%         N/A       86%         2
 Ignite Poison            Fire/Tmut/Pois 0%         N/A       97%         3
 Mephitic Cloud           Conj/Pois/Air  0%         N/A       97%         3
 Anguish                  Hex/Necr       0%         N/A       100%        4
 Sticky Flame             Conj/Fire      0%         2d3       100%        4
 Enfeeble                 Hex            0%         N/A       100%        7
 Ignition                 Fire           0%         3d3       100%        8


Dungeon Overview and Level Annotations

Branches:
Dungeon (4/15)              Sewer (visited)
 Temple: D:4-7

Altars:
Gozag
Hepliaklqana

Shops:
D:3 !

Annotations:
D:4 Eustachio


Innate Abilities, Weirdness & Mutations

You have a pair of horns on your head.
You reflexively headbutt those who attack you in melee.


Message History

Something hits you but does no damage. The orc hits you but does no damage.
Sorry, you're not good enough to have a special ability.
You feel very mighty all of a sudden. Something hits you but does no damage.
The orc priest hits you but does no damage.
The orc hits you with a +0 flail.
You barely miss the orc priest.
The orc priest is moderately wounded.
You slash Eustachio! You burn Eustachio. You hit something. You burn something.
You barely miss the orc.
Eustachio casts a spell.
Eustachio blinks!
Something hits you but does no damage.
The orc priest hits you but does no damage.
The orc completely misses you.
The orc priest calls upon Beogh to heal the orc priest.
The orc priest's wounds heal themselves!
Something hits you but does no damage. The orc hits you with a +0 flail.
The orc priest hits you with a +0 dagger.
The orc hits you with a +0 mace.
The orc priest begins to cast a cantrip, but forgets the words!
You miss the orc priest. You slash the orc! You burn the orc.
You kill the orc!
You miss something. You barely miss the orc.
You hear some strange, mumbled words.
A magic dart appears from out of thin air!
The magic dart hits you.
The orc priest hits you with a +0 dagger.
The orc completely misses you.
You're too confused to move!
Something hits you but does no damage.
The orc priest hits you with a +0 dagger.
The orc hits you with a +0 flail.
The orc priest mumbles some strange prayers to Beogh against you.
Beogh smites you!
* * * LOW HITPOINT WARNING * * *
You're too confused to move!
Something hits you.
* * * LOW HITPOINT WARNING * * *
The orc completely misses you.
The orc priest invokes the aid of Beogh against you.
Beogh smites you!
You die...

. ..................
#.#########....####....
#.#...## #.#######....
#......## #.###........
#.......# #.#...###....
#.......###...#........
#..!..o.#....##........
#....{@)..#.###........
#....o@o#...###...)†...
#......................
#.......#.#####.....)..
........##.# #........
...#$..###.# #####.###
....### #.# #.# ....
..# #.# .. #.# #.#


You could see Eustachio, 2 orc priests and an orc.

Vanquished Creatures
  A scorpion (D:4)
  An iguana (D:4)
  A hell rat (Sewer)
  4 gnolls (D:2)
  2 adders
  2 river rats (Sewer)
  2 worms
  6 orcs
  4 ball pythons
  6 bats
  5 endoplasms
  14 giant cockroaches
  10 goblins
  9 hobgoblins
  8 jackals
  6 quokkas
  3 frilled lizards
  8 kobolds
  5 rats
97 creatures vanquished.

Notes
Turn   | Place    | Note
-------+----------+-------------------------------------------
     0 | D:1      | bmack86 the Minotaur Fighter began the quest for the Orb.
     0 | D:1      | Reached XP level 1. HP: 19/19 MP: 0/0
     3 | D:1      | You fall into a shaft and drop 1 floor!
   166 | D:2      | Reached XP level 2. HP: 25/26 MP: 1/1
   241 | D:2      | Identified the +6 hand axe "Mown" {flame, Fragile Int+6
                  | Dex+4 Stlth+}
   268 | D:2      | Reached skill level 3 in Axes
   269 | D:2      | Reached XP level 3. HP: 12/33 MP: 2/2
   516 | D:2      | Reached XP level 4. HP: 40/40 MP: 3/3
   781 | D:1      | Reached skill level 4 in Axes
  1622 | D:3      | Found Kuowiddu's Distillery.
  1631 | D:3      | Bought a potion of curing for 36 gold pieces
  1756 | D:3      | Found a hazy altar of Hepliaklqana.
  1784 | D:3      | Found a glowing drain.
  1853 | Sewer    | Entered a sewer
  1868 | Sewer    | Reached XP level 5. HP: 43/47 MP: 4/4
  2070 | D:3      | Found an opulent altar of Gozag.
  2410 | D:4      | Reached skill level 5 in Axes
  2416 | D:4      | Reached XP level 6. HP: 43/55 MP: 5/5
  2588 | D:4      | Noticed Eustachio
  2597 | D:4      | Killed from afar by an orc priest

Illustrated notes

Levels and vault maps discovered:
D:1:      saegor_arrival_under_anarchy, layout_rooms
D:2:      minmay_roachtagon, layout_loops_corners
D:3:      layout_basic, old_standard_altar, old_standard_altar,
          portal_sewer_entry_a, serial_shops, shop
D:4:      layout_rooms, uniq_eustachio

Skill      XL: |  1  2  3  4  5 |
---------------+----------------+-----
Axes           | 3 4 5 |  5.2
Fighting       | 4 |  4.9
Armour         | 4 |  4.9
Shields        | 4 |  4.9

Action                   |  1- 3 |  4- 6 || total
-------------------------+-------+-------++-------
Melee: War axe           |    16 |       ||    16
       Headbutt          |     2 |    10 ||    12
       Hand axe          |    14 |   105 ||   119
  Use: Scroll            |       |     9 ||     9
       Potion            |       |     1 ||     1
Armor: Scale mail        |    17 |    59 ||    76
Dodge: Dodged            |    17 |    64 ||    81
Block: Buckler           |     4 |    24 ||    28

Table legend: (Time is in decaauts)
 A = Elapsed time spent in this place.
 B = Non-inter-level travel time spent in this place.
 C = Inter-level travel time spent in this place.
 D = Time resting spent in this place.
 E = Time spent auto-exploring this place.
 F = Levels seen in this place.
 G = Mean time per level.
                   A        B        C        D        E       F      G
               +--------+--------+--------+--------+--------+-----+--------+
         Total |   2639 |   2581 |     58 |     39 |   1308 |   5 |  527.8 |
       Dungeon |   2458 |   2400 |     58 |     39 |   1196 |   4 |  614.5 |
         Sewer |    181 |    181 |      0 |      0 |    111 |   1 |  181.0 |
               +--------+--------+--------+--------+--------+-----+--------+

Top non-repeatable levels by time:
     D:2: 1166 daAuts
     D:3: 623 daAuts
     D:1: 471 daAuts
     D:4: 196 daAuts
   Sewer: 181 daAuts
